Cogmind - Beta 12 X4 @@@ ROGUE MODE // 2023.01.10 @ 21:43:00 Player: Lunatic Blue Result: Destroyed by as-47895 with Assembled Blade Performance ------------- Evolutions (0) 0 Regions Visited (2) 400 Robots Destroyed (22) 110 Value Destroyed (379) 379 Prototype IDs (2) 40 Alien Tech Used (0) 0 Bonus (0) 0 TOTAL SCORE: 929 Bonus ------- None Cogmind --------- Core Integrity 0/250 Matter 300/300 Energy 50/100 System Corruption 6% Temperature Cool (0) Movement Rolling (160) Ox4 Location -10/Mines Parts ------- > --- POWER (1) -------- (None) > --- PROPULSION (2) --- Compact Wheel > --- UTILITY (2) ------ Huge Storage Unit > --- WEAPON (2) ------- (None) > --- INVENTORY (25) --- Ion Engine Ion Engine Light Treads Light Treads Light Treads Light Treads Heat Sink Improved Heat Sink Structural Scanner Sensor Array Signal Interpreter Hacking Suite EM Pulse Gun Heavy Assault Rifle Heavy Assault Rifle Heavy Assault Rifle Heavy Assault Rifle Autogun Autogun Grenade Launcher Hammer Peak State ------------ > --- POWER ------------ Light Nuclear Core > --- PROPULSION ------- Light Treads Wheel > --- UTILITY ---------- Huge Storage Unit Weight Redist. System > --- WEAPON ----------- Autogun Autogun > --- INVENTORY -------- Ion Engine Ion Engine Light Treads Light Treads Light Treads Wheel Compact Wheel Flight Unit Flight Unit Heat Sink Improved Heat Sink Sensor Array Signal Interpreter Hacking Suite EM Pulse Gun Heavy Assault Rifle Heavy Assault Rifle Heavy Assault Rifle Heavy Assault Rifle Autogun Autogun Grenade Launcher Hammer [Rating: 15] Favorites ----------- Power Light Ion Engine Engine Light Ion Engine Power Core Light Nuclear Core Propulsion Wheel Treads Light Treads Leg Aluminum Leg Wheel Wheel Utility Huge Storage Unit Device Weight Redist. System Storage Huge Storage Unit Weapon Autogun Energy Gun Medium Laser Energy Cannon Particle Cannon Ballistic Gun Autogun Launcher Grenade Launcher Build | -11 -10 -10 ------- Run | Scr Mat Min Slots Evolved . | . . . Power . | . . . Propulsion . | . . . Utility . | . . . Weapon . | . . . Parts Attached 19 | 4 6 9 Power 2 | . 1 1 Engine 1 | . 1 . Core 1 | . . 1 Reactor . | . . . Propulsion 7 | 3 . 4 Treads 3 | 2 . 1 Leg . | . . . Wheel 4 | 1 . 3 Hover . | . . . Flight . | . . . Utility 2 | . 2 . Device 1 | . 1 . Storage 1 | . 1 . Processor . | . . . Hackware . | . . . Protection . | . . . Artifact . | . . . Weapon 8 | 1 3 4 Energy Gun . | . . . Energy Cannon 1 | . 1 . Ballistic Gun 5 | 1 2 2 Ballistic Cannon . | . . . Launcher 2 | . . 2 Special Weapon . | . . . Impact Weapon . | . . . Slashing Weapon . | . . . Piercing Weapon . | . . . Special Melee Weapon . | . . . Unidentified Prototypes . | . . . Parts Lost 7 | . . 7 Power 1 | . . 1 Propulsion 3 | . . 3 Utility 1 | . . 1 Weapon 2 | . . 2 Highest Loss Streak 6 | . . 6 To Critical Strikes . | . . . Average Slot Usage (%) 88 | . 85 94 Engine 9 | . 14 2 Core 3 | . . 9 Treads 13 | . 14 11 Wheel 14 | . 14 15 Device 5 | . . 13 Storage 14 | . 14 14 Energy Gun 2 | . 4 . Ballistic Gun 23 | . 22 24 Naked Turns . | . . . Heaviest Build 91 | 12 91 91 Greatest Support 32 | 10 16 32 Greatest Overweight (x) 9 | 1 9 5 Average Overweight (x) 5 | 1 7 4 Largest Inventory Capacity 25 | 8 25 25 Average Capacity 23 | 8 23 25 Most Carried 25 | 6 22 25 Average Carried 18 | 4 15 23 Final Capacity 25 | 8 25 25 Final Carried 22 | 4 22 21 Class Distribution -------------------- 100% | Mutant Dominant Class ---------------- Mutant | -10/Materials Mutant | -10/Mines Resources | -11 -10 -10 ----------- Run | Scr Mat Min Matter Collected 693 | 246 187 260 Remotely . | . . . Salvage Created 630 | 89 335 206 Parts 47 | 3 25 19 Haulers Intercepted 1 | . 1 . Recyclers Shooed 1 | 1 . . Parts Field Recycled . | . . . Retrieved Matter . | . . . Parts Self-Destructed . | . . . Prevented . | . . . Kills | -11 -10 -10 ------- Run | Scr Mat Min Combat Hostiles Destroyed 16 | . 8 8 Guns 11 | . 8 3 AOE 5 | . . 5 Classes Destroyed 6 | 1 5 . Hauler 1 | . 1 . Recycler 2 | 1 . 1 Operator 1 | . 1 . Watcher 2 | . 2 . Swarmer 10 | . 4 6 Grunt 6 | . 4 2 Best Kill Streak 6 | 1 6 3 Combat Bots Only 4 | . 4 3 Max Kills in Single Turn 3 | 1 1 3 Gunslinging . | . . . Exploded 3 | . . 3 Melee . | . . . Uniques/NPCs Destroyed . | . . . Combat | -11 -10 -10 -------- Run | Scr Mat Min Damage Taken 975 | . 410 565 Core 250 | . 112 138 Absorbed by Shields . | . . . Core Remaining (%) 100 | 100 . . Volleys Fired 48 | 2 34 12 Largest 2 | 2 2 2 Hottest 70 | 70 70 46 Shots Fired 94 | 4 68 22 Gun 92 | 4 68 20 Cannon . | . . . Launcher 2 | . . 2 Special . | . . . Kinetic 79 | 2 57 20 Thermal 13 | 2 11 . Explosive 2 | . . 2 Electromagnetic . | . . . Robot Hit Streak 7 | 4 7 6 Robot Miss Streak 4 | . 2 4 Penetration Max . | . . . Secondary Targets 4 | . 3 1 Max Gunslinging Chain 1 | . 1 1 Shots Hit Robots 62 | 4 46 12 Core Hits 28 | 2 16 10 Critical Kills . | . . . Critical Parts Destroyed . | . . . Critical Strikes . | . . . Melee Attacks . | . . . Impact . | . . . Slashing . | . . . Piercing . | . . . Sneak Attacks . | . . . Combat Hostiles . | . . . Follow-up Attacks . | . . . Damage Inflicted 1168 | 47 644 477 Guns 869 | 47 644 178 Cannons . | . . . Explosions 299 | . . 299 Melee . | . . . Ramming . | . . . Kinetic 757 | 23 556 178 Thermal 112 | 24 88 . Explosive 299 | . . 299 Electromagnetic . | . . . Impact . | . . . Slashing . | . . . Piercing . | . . . Highest Corruption 6 | . . 6 Average Corruption 3 | . . 3 Corruption Purged . | . . . Corruption Blocked . | . . . Effects 3 | . . 3 Matter Fused 1 | . . 1 Energy Discharges 2 | . . 2 Overload Shots . | . . . Overflow Damage 28 | . . 28 Projectiles . | . . . Explosions 28 | . . 28 Melee . | . . . Knockbacks . | . . . Impact . | . . . Kinetic . | . . . Secondary . | . . . Self-Inflicted Damage . | . . . Shots . | . . . Rammed . | . . . Targets Rammed . | . . . Kicked . | . . . Crushed . | . . . Highest Temperature 72 | 18 72 52 Average Temperature 18 | 10 18 21 Received Heat Transfer 271 | . 96 175 Siege Activations . | . . . Robots Corrupted . | . . . Combat Hostiles . | . . . Parts Fried . | . . . Impact Corruptions . | . . . Robots Melted . | . . . Combat Hostiles . | . . . Parts Melted . | . . . Heat Transferred 333 | 74 259 . Parts Sabotaged . | . . . Parts Stolen . | . . . Parts Stripped . | . . . Power Chain Reactions . | . . . Missiles Intercepted . | . . . Alert | -11 -10 -10 ------- Run | Scr Mat Min Peak Influence 266 | 5 208 266 Initial 39 | . 3 39 Average 132 | 2 106 178 Maximum Alert Level 1 | . 1 1 Low Security (%) 86 | 100 93 75 Level 1 13 | . 6 24 Level 2 . | . . . Level 3 . | . . . Level 4 . | . . . Level 5 . | . . . High Security . | . . . Max Security . | . . . Squads Dispatched 3 | . 3 . Investigation 2 | . 2 . Extermination . | . . . Reinforcement 1 | . 1 . Assault . | . . . Garrison . | . . . Intercept . | . . . Searches Triggered . | . . . Construction Impeded . | . . . Haulers Reinforced . | . . . Active Scanning Responses . | . . . Cargo Convoy Interrupts . | . . . Stealth | -11 -10 -10 --------- Run | Scr Mat Min Distress Signals . | . . . Communications Jammed . | . . . Distress Signals . | . . . Times Spotted 42 | . 20 22 Peak Tracking Total 11 | . 7 11 Tactical Retreats 2 | . . 2 Traps | -11 -10 -10 ------- Run | Scr Mat Min Traps Triggered 1 | . 1 . Indirectly . | . . . Trap Hack Attempts . | . . . Triggered . | . . . Disarmed . | . . . Reprogrammed . | . . . Reused . | . . . Traps Extracted . | . . . Installed . | . . . Triggered . | . . . Machines | -11 -10 -10 ---------- Run | Scr Mat Min Machines Disabled . | . . . Max in Single Turn . | . . . Machines Sabotaged . | . . . Overloaded Fab Kills . | . . . Hacking | -11 -10 -10 --------- Run | Scr Mat Min Machines Accessed 4 | . 4 . Terminals 3 | . 3 . Fabricators . | . . . Repair Stations . | . . . Recycling Units 1 | . 1 . Scanalyzers . | . . . Garrison Access . | . . . Total Hacks 11 | . 11 . Successful 5 | . 5 . Failed 6 | . 6 . Catastrophic 1 | . 1 . Database Lockouts . | . . . Manual 9 | . 9 . Terminals 10 | . 10 . Fabricators . | . . . Repair Stations . | . . . Recycling Units 1 | . 1 . Scanalyzers . | . . . Garrison Access . | . . . Terminal Hacks 3 | . 3 . Prototype ID Bank 1 | . 1 . Terminal Index 1 | . 1 . Zone Layout 1 | . 1 . Fabricator Hacks . | . . . Repair Station Hacks . | . . . Recycling Unit Hacks . | . . . Scanalyzer . | . . . Garrison Access Hacks . | . . . Unauthorized Hacks 2 | . 2 . Terminals 1 | . 1 . Operators 1 | . 1 . Fabricators . | . . . Repair Stations . | . . . Recycling Units 1 | . 1 . Tunnel 1 | . 1 . Scanalyzers . | . . . Garrison Access . | . . . Data Cores Recovered . | . . . Used . | . . . Hacking Detections 3 | . 3 . Full Trace Events . | . . . Feedback Events . | . . . Feedback Blocked . | . . . Robot Schematics Acquired . | . . . Robots Built . | . . . Authchips . | . . . Time . | . . . Total Robot Build Rating . | . . . Part Schematics Acquired . | . . . Parts Built . | . . . Authchips . | . . . Time . | . . . Total Part Build Rating . | . . . Parts Repaired . | . . . Time . | . . . Parts Recycled . | . . . Recycled Matter . | . . . Retrieved Matter . | . . . Retrieved Components . | . . . Parts Scanalyzed . | . . . Part Schematics Acquired . | . . . Parts Damaged . | . . . Bothacking | -11 -10 -10 ------------ Run | Scr Mat Min Used RIF Installer . | . . . Robots Hacked . | . . . Non-combat . | . . . Combat . | . . . Robot Hacks Applied . | . . . Relay Couplers Released . | . . . Fabnet Peak Effective % . | . . . Robots Rewired . | . . . Allies Hacked . | . . . Hacks Repelled . | . . . Allies | -11 -10 -10 -------- Run | Scr Mat Min Total Allies . | . . . Largest Group . | . . . Highest-Rated Group . | . . . Highest-Rated Ally . | . . . Total Orders . | . . . Ally Attacks . | . . . Total Damage . | . . . Kills . | . . . Allies Corrupted . | . . . Allies Melted . | . . . Intel | -11 -10 -10 ------- Run | Scr Mat Min Robot Analysis Total . | . . . Derelict Logs Recovered . | . . . Drone Launches . | . . . Drone Recoveries . | . . . Exploration | -11 -10 -10 ------------- Run | Scr Mat Min Turns Passed 1170 | 18 709 443 Spaces Moved 575 | 7 307 261 Core . | . . . Treads . | . . . Legs . | . . . Wheels 575 | 7 307 261 Hover . | . . . Flight . | . . . Fastest Speed 95 | 95 95 120 Average Speed 168 | 95 186 150 Slowest Speed 215 | 95 215 160 Overloaded Moves . | . . . Propulsion Burnouts . | . . . Robots Hopped . | . . . Cave-ins Triggered . | . . . Exploration Rate (%) 38 | 2 53 60 Regions Visited 2 Branch Regions 1 Pre-discovered Areas 1 | . 1 . Known Exits Taken . | . . . Unknown Exits Taken 2 | 1 1 . Scrap Searched 3 | . . 3 Spaces Dug 7 | . . 7 Terrain Destroyed 14 | . . 14 Melee . | . . . Projectile . | . . . AOE 14 | . . 14 Terrain Rammed . | . . . Walls Destroyed . | . . . Machines Disabled . | . . . Actions | -11 -10 -10 --------- Run | Scr Mat Min Total 691 | 14 386 291 Wait 17 | . 17 . Move 573 | 6 306 261 Hop . | . . . Pick Up 23 | . 18 5 Fast Attach 5 | . 5 . Attach 4 | 2 . 2 Detach . | . . . Swap 10 | 2 1 7 Drop 11 | 2 5 4 Fire 48 | 2 34 12 Melee . | . . . Ram . | . . . Kick . | . . . Crush . | . . . Escape Stasis . | . . . Rewire . | . . . Trap . | . . . Miscellaneous . | . . . Route ------- -11/Scrapyard -10/Materials (discovered 2 exits: [*Mat] / [*Min]) -10/Mines (discovered 1 exit: [*Mat]) History --------- Turn | Location | Event 13 | -11/Scrapyard | Discovered new exit (range 3) 19 | -11/Scrapyard | Entered Materials 311 | -10/Materials | Build established: Mutant 337 | -10/Materials | Discovered new exit (range 16) 713 | -10/Materials | Discovered new exit (range 5) 728 | -10/Materials | Entered Mines 901 | -10/Mines | Discovered new exit (range 4) 932 | -10/Mines | Found a hidden stash of uninstalled traps 1085 | -10/Mines | Assembled infested the area 1090 | -10/Mines | Assisted by a Guerilla fighting off Assembled 1121 | -10/Mines | Core integrity fell below 50% 1161 | -10/Mines | Core integrity fell below 20% 1171 | -10/Mines | Destroyed by as-47895 with Assembled Blade Last Messages --------------- 01096_ HV Slug penetrates Wall. 01101_ as-40072 destroyed. 01109_ as-47895 sneak attacks. 01109_ K-01 Serf destroyed. 01115_ Lgt. Nuclear Core destroyed. 01115_ System corrupted by crushing effect (+3). 01115_ Knocked back. 01116_ System corrupted: Energy discharge (-16). 01120_ Knocked back. 01120_ Autogun destroyed. 01126_ Acquired 5 matter. 01137_ System corrupted: Matter fused (-9). 01148_ Autogun destroyed. 01149_ Wheel destroyed. 01149_ System corrupted by crushing effect (+2). 01149_ Knocked back. 01154_ System corrupted: Energy discharge (-5). 01160_ Weight Redist. System destroyed. 01160_ System corrupted by crushing effect (+1). 01166_ Wheel destroyed. Map ----- +----------------------------------------------------+ | ########## #?????????# #???## ##??? | | ?????????# #?######### #??## & ##???? | | ?????????# =#?# #?## & #????? | | ?????????# #?# ####### #######?# & ##????? | | ?????????#]*#?# #?????# #???????# #?????? | | ?????????# ### #?????# #???????## ##?????? | | ?????????# #?###?# ########## ##??????? | | ?????????# ####### ## ## ##??????? | | ?????????# #????# # ####### ##?????? | | ????????# #????# #### #?????## #?????? | | ???????# ?????# #?# #??????# #?????? | | ???????# ??????# ### #??????## #?????? | | ???????# ??????# ## ######### #?????? | | ???????# ????## #?????? | | ???????# ???## #?????? | | ??????? ??## ##############?????? | | ??????? ??# #??????????????????? | | ?????? ### #??????????????????? | | ??????## ## #??????????????????? | | ???????## ## ##??????????????????? | | ????????## #?## ###???????????????????? | | ?????????# #???# ######????????????????? | | ?????????# ##?????# #????????????????? | | ?????????#?????????## #????????????????? | | ????????????????????#### ##???????????????? | | ???????????????????????##@ #???????????????? | | ????????????????????????##a #???????????????? | | ?????????????????????????## #???????????????? | | ?????????????????????? #??# #???????????????? | | ?????????????????????? #??# #???????????????? | | ?????????????????????? ##?# #???????????????? | | ?????????????????????# ### #???????????????? | | ?????????#??????????? ## #???????????????? | | ?????????# ?????????? ## #???????????????? | | ?????????# ????????## ## #???????????????? | | ?????????# ???????## ## #???????????????? | | ????????## #?????## ## #???????????????? | | ??# ???## ###?## #?# #???????????????? | | ??# ?## ??# #??# #???????????????? | | ??# ## ! ??# ##### #???????????????? | | ??# %* ??# ###### #???????????????? | | ?? #??# = === #???????????????? | | ??? #?## [= #???????????????? | | ????? """ ### #########???????????????? | | ??????# """ ######???????????????????? | | ???????# """ ####????????????????????????? | | ???????# ###???????????????????????????? | | ##?????# ##?????????????????????????????? | | #????## #######?????????????????????????? | | #????#* ! #?????????????????????????? | +----------------------------------------------------+ Best States ------------- Heat Dissipation 25 Energy Generation 14 Energy Capacity 250 Matter Stores 300 Matter Capacity 300 Sight Range 16 Terrain Scan Density 10 Additional Mass Support 6 Evasion (%) 41 Recoil Reduction 1 Item Schematics ----------------- None Robot Schematics ------------------ None Fabricated ------------ Nothing Alien Tech Used ----------------- None Achievements -------------- None Challenges ------------ None Game ------ Seed MyomerSupercompositeHumpback Manual? 0 Play Time 00:11:27 Cumulative 192.3 hours Start 2023.01.10 @ 21:34:45 End 2023.01.10 @ 21:43:00 Sessions 1 Manual Loads 0 Difficulty Rogue Special Mode None Game No. 268 Rogue 268 Adventurer 0 Explorer 0 Win Type - Total 5 Types 1/0/3/0/0/0/1/0/0 Lore% 73 Gallery% 83 Achievement% 64 Wizard Run 0 Options --------- ASCII 0 Keyboard 0 Movement Numpad Keybinds 0 Fullscreen 1 Font 18/SmallcapsGlow Map View 76x50 Tactical HUD 1 Map Filters NONE Filters NONE Steam 1 RUN: 232d70dd-7af0-4a50-b572-1f56ba3e566e